Map: Ultralove

Players

Illua - Winner!

  • Race: Zerg Zerg
  • Spawn Location: 7:00

A.I. 1 (Elite)

  • Race: Protoss Protoss
  • Spawn Location: 1:00

VOD

Have the link to the VOD?

Description

Time

  • Played on: April 12, 2025, 9:45 a.m.
  • Length: 5:03
Show
View Real Time Build Order
Export as new Build Order

Illua Zerg - Winner!

Build Orders: Hatch First 

Get SALT Encoding   

  12  0:00  Drone  
  13  0:12  Overlord  
  13  0:16  Drone  
  14  0:31  Drone x2  
  16  0:49  Hatchery  
  15  0:52  Drone  
  15  0:55  Drone  
  17  0:57  Drone  
  18  1:09  Extractor  
  17  1:15  Spawning Pool  
  16  1:21  Drone x2  
  18  1:28  Drone  
  19  1:38  Drone  
  20  1:50  Overlord  
  20  2:01  Queen x2  
  20  2:03  Zergling x4  
  26  2:11  Drone  
  26  2:12  Drone  
  26  2:15  Metabolic Boost  
  28  2:22  Drone  
  29  2:23  Drone  
  30  2:33  Overlord  
  31  2:37  Drone  
  31  2:45  Queen  
  31  2:47  Drone x2  
  35  2:55  Zergling x4  
  36  3:05  Zergling x4  
  38  3:12  Zergling x6  
  41  3:23  Zergling x4  
  43  3:29  Overlord x3  
  43  3:30  Overlord  
  43  3:45  Zergling x2  
  44  3:51  Zergling x10  
  46  3:57  Zergling x2  
  47  4:04  Drone  
  47  4:07  Drone  
  49  4:15  Zergling x6  
  51  4:20  Zergling x2  
  50  4:25  Zergling x2  
  49  4:33  Zergling x4  
  50  4:39  Zergling x2  
Show
View Real Time Build Order
Export as new Build Order

A.I. 1 (Elite) Protoss 

Build Orders:  

Get SALT Encoding   

  12  0:00  Probe  
  13  0:13  Probe  
  14  0:20  Pylon  
  14  0:25  Probe  
  15  0:34  Probe  
  15  0:42  Probe  
  16  0:47  Assimilator  
  17  0:50  Gateway  
  17  0:52  Probe  
  18  1:00  Probe  
  18  1:01  Pylon  
  19  1:08  Probe  
  20  1:18  Probe  
  21  1:30  Probe  
  24  1:40  Zealot  
  24  1:42  Cybernetics Core, Probe  
  25  2:00  Nexus, Probe  
  26  2:08  Probe  
  27  2:17  Stalker, Probe  
  27  2:20  Warp Gate  
  30  2:28  Pylon  
  30  2:29  Probe  
  31  2:41  Gateway  
  31  2:43  Assimilator  
  31  2:46  Probe  
  31  2:47  Adept  
  34  2:58  Probe  
  34  3:00  Pylon  
  35  3:06  Probe  
  35  3:09  Adept  
  35  3:11  Probe  
  37  3:15  Probe  
  40  3:26  Robotics Facility  
  40  3:28  Adept  
  40  3:29  Probe  
  40  3:32  Probe  
  44  3:39  Adept  
  46  3:42  Probe  
  46  3:44  Probe  
  48  3:51  Stalker  
  32  4:03  Probe  
  32  4:04  Probe  
  30  4:11  Probe  
  30  4:16  Probe  
  30  4:17  Zealot  
  33  4:19  Probe  
  33  4:28  Probe  
  20  4:40  Probe  
  20  4:43  Probe  
Tags
 
Matchup
PvZ
Spawn Locations
Cross Positions
Add a new tag
Caveats
  • Supply blocks, unpowered buildings, or Contaminate may cause inaccurate times.
  • Supply counts are checked every 10 seconds.